 Dungeon Crawl Stone Soup version 0.29-a0-529-gfa20dd96a1 (webtiles) character file.

Game seed: 13461311322150472698

100 dracfodder the Digger (level 4, -1/24 HPs)
             Began as a Gargoyle Earth Elementalist on June 2, 2022.
             Slain by a lemure (2 damage)
             ... led by Pikel
             ... on level 4 of the Dungeon.
             The game lasted 00:13:13 (2862 turns).

dracfodder the Digger (Gargoyle Earth Elementalist) Turns: 2862, Time: 00:13:14

Health: -1/24      AC:  7    Str: 18    XL:     4   Next: 73%
Magic:  12/26      EV: 11    Int: 23    God:
Gold:   189        SH:  0    Dex: 10    Spells: 4/8 levels left

rFire   . . .      SeeInvis .   h - +2 hunting sling (flame)
rCold   + . .      Faith    .   (no shield)
rNeg    + . .      Spirit   .   b - +0 robe
rPois   ∞          Reflect  .   (no helmet)
rElec   +          Harm     .   (no cloak)
rCorr   +          Rampage  .   (no gloves)
Will    .....                   l - +1 pair of boots
Stlth   ++........              (no amulet)
HPRegen 0.08/turn               p - ring of magical power
MPRegen 0.20/turn               o - ring "Opo Joloihe" {*Slow rC+ rCorr MP+9 Str+6 Int+6}

@: no status effects
A: sickness immunity, AC +3, negative energy resistance 1, electricity
resistance, torment resistance 1, petrification resistance
a: no special abilities


You were on level 4 of the Dungeon.
You visited 1 branch of the dungeon, and saw 4 of its levels.

You collected 189 gold pieces.

Inventory:

Hand Weapons
 e - a +0 dagger
 h - a +2 hunting sling of flaming (weapon)
Missiles
 a - 58 stones
Armour
 b - a +0 robe (worn)
 l - a +1 pair of boots (worn)
Jewellery
 g - a ring of flight
 k - a +6 ring of intelligence
 o - the ring "Opo Joloihe" (right hand) {*Slow rC+ rCorr MP+9 Str+6 Int+6}
   (You found it on level 2 of the Dungeon)

   [ring of intelligence]

   Str:       It affects your strength (+6).
   Int:       It affects your intelligence (+6).
   rC:        It protects you from cold.
   MP:        It affects your magic capacity (+9).
   rCorr:     It protects you from acid and corrosion.
   *Slow:     It may slow you when you take damage.
 p - a ring of magical power (left hand)
Scrolls
 f - 4 scrolls of identify
 j - a scroll of fog
 n - a scroll of fear
Potions
 c - 2 potions of magic
 d - a potion of berserk rage
 i - 4 potions of curing
 m - a potion of invisibility {unknown}
 q - 3 potions of lignification {unknown}


   Skills:
 + Level 1.1 Slings
 + Level 1.5 Dodging
 + Level 2.4 Stealth
 + Level 2.8 Spellcasting
 * Level 1.3 Conjurations
 + Level 0.7 Transmutations
 + Level 4.9 Earth Magic


You had 4 spell levels left.
You knew the following spells:

 Your Spells              Type           Power      Damage    Failure   Level
a - Sandblast             Erth           52%        2d12      1%          1
b - Stone Arrow           Conj/Erth      34%        3d9       10%         3

Your spell library contained the following spells:

 Spells                   Type           Power      Damage    Failure   Level
 Passwall                 Tmut/Erth      13%        N/A       5%          2
 Petrify                  Tmut/Erth      16%        N/A       36%         4


Dungeon Overview and Level Annotations

Branches:
Dungeon (4/15)
 Temple: D:4-7

Altars:
Vehumet

Annotations:
D:4 Pikel


Innate Abilities, Weirdness & Mutations

You are immune to sickness and miasma.
Your stone body is resilient. (AC +3)
You are immune to poison.
You resist negative energy. (rN+)
You are resistant to electric shocks. (rElec)
You are resistant to unholy torment.
You are immune to petrification.


Message History

The lemure is heavily wounded.
The lemure hits you but does no damage. Pikel hits you but does no damage.
The lemure completely misses you.
Casting: Sandblast (safe; 1% risk of failure)
Confirm with . or Enter, or press ? or * to list all spells.
Aiming: Sandblast (safe; 1% risk of failure)
Press: ? - help, Shift-Dir - straight line, f/p - Pikel
Aim: Pikel, wielding a +2 whip of flaming and wearing a +0 robe (severely wounded, 76% to hit)
The blast of sand hits Pikel.
Pikel is severely wounded.
Pikel misses you. The lemure barely misses you. x2
The lemure closely misses you. The lemure hits you.
* * * LOW HITPOINT WARNING * * *
Casting: Sandblast (safe; 1% risk of failure)
Confirm with . or Enter, or press ? or * to list all spells.
Aiming: Sandblast (safe; 1% risk of failure)
Press: ? - help, Shift-Dir - straight line, f/p - Pikel
Aim: Pikel, wielding a +2 whip of flaming and wearing a +0 robe (severely wounded, 76% to hit)
The blast of sand hits Pikel but does no damage.
Pikel is severely wounded.
The adder bites you but does no damage.
Pikel hits you with a +2 whip of flaming.
* * * LOW HITPOINT WARNING * * *
Pikel burns you.
* * * LOW HITPOINT WARNING * * *
The lemure closely misses you. The lemure hits you but does no damage.
The lemure closely misses you. The lemure barely misses you.
Casting: Sandblast (safe; 1% risk of failure)
Confirm with . or Enter, or press ? or * to list all spells.
Aiming: Sandblast (safe; 1% risk of failure)
Press: ? - help, Shift-Dir - straight line, f/p - Pikel
Aim: Pikel, wielding a +2 whip of flaming and wearing a +0 robe (severely wounded, 76% to hit)
The blast of sand hits Pikel but does no damage.
Pikel is severely wounded.
The adder bites you.
* * * LOW HITPOINT WARNING * * *
Pikel misses you. The lemure closely misses you. The lemure hits you.
* * * LOW HITPOINT WARNING * * *
The lemure barely misses you. The lemure hits you.
You die...

.#... .... .....
# #... #...
.#..# #..#
...####..##
##...##...
#.#5K5..#.#
##..5@5...^###
........S).....#
#####.......##.#
##.....###.#
##...## #.#
##.## #.# #.#
#.# #.# #.# #.
#.#


You could see Pikel, 4 lemures and an adder.

Vanquished Creatures
  A hound (D:3)
  3 worms
  4 orcs
  6 bats
  4 endoplasms
  2 giant cockroaches
  6 goblins
  A hobgoblin (D:1)
  4 quokkas
  4 ball pythons
  4 frilled lizards
  9 kobolds
  5 rats
53 creatures vanquished.

Vanquished Creatures (collateral kills)
  A quokka (D:3)
1 creature vanquished.

Grand Total: 54 creatures vanquished

Notes
Turn   | Place    | Note
-------+----------+-------------------------------------------
     0 | D:1      | dracfodder the Gargoyle Earth Elementalist began the quest
                  | for the Orb.
     0 | D:1      | Reached XP level 1. HP: 10/10 MP: 3/3
   286 | D:1      | Reached XP level 2. HP: 15/15 MP: 3/5
   318 | D:1      | Reached skill level 4 in Earth Magic
   929 | D:2      | Reached skill level 1 in Conjurations
   929 | D:2      | Reached XP level 3. HP: 19/19 MP: 6/6
   941 | D:2      | Learned a level 3 spell: Stone Arrow
  1349 | D:2      | Identified the ring "Opo Joloihe" {*Slow rC+ rCorr MP+9
                  | Str+6 Int+6}
  1927 | D:3      | Found a radiant altar of Vehumet.
  2104 | D:3      | Reached skill level 1 in Slings
  2104 | D:3      | Reached XP level 4. HP: 24/24 MP: 8/8
  2175 | D:3      | Found a faded altar of an unknown god.
  2850 | D:4      | Noticed Pikel
  2850 | D:4      | Noticed a lemure
  2850 | D:4      | Noticed a lemure
  2851 | D:4      | Noticed a lemure
  2851 | D:4      | Noticed a lemure
  2862 | D:4      | HP: 1/24 [lemure[Pikel] (1)]
  2862 | D:4      | Slain by a lemure

Illustrated notes

Levels and vault maps discovered:
D:1:      dpeg_arrival_short_road, layout_loops_ring
D:2:      layout_loops_ring, grunt_ministairs_4, serial_bayou_pond_b
D:3:      layout_basic, amcnicky_altar_gilded,
          chequers_ecumenical_altar_simple_redux
D:4:      layout_loops_ring, mainiacjoe_overflow_boulevard,
          kennysheep_pointless_box, uniq_pikel

Skill      XL: |  1  2  3 |
---------------+----------+-----
Earth Magic    | 4 |  4.9
Conjurations   | 1 |  1.3
Slings         | 1 |  1.1
Dodging        | |  1.5
Stealth        | |  2.4
Spellcasting   | |  2.8
Transmutations | |  0.7

Action                   |  1- 3 |  4- 6 || total
-------------------------+-------+-------++-------
Melee: Unarmed           |     5 |       ||     5
       Dagger            |     2 |       ||     2
 Fire: Hunting sling     |    11 |     5 ||    16
 Cast: Sandblast         |    47 |     8 ||    55
       Stone Arrow       |     1 |    11 ||    12
  Use: Scroll            |     6 |     2 ||     8
Armor: Robe              |     7 |     5 ||    12
Dodge: Dodged            |    20 |    19 ||    39

Table legend: (Time is in decaauts)
 A = Elapsed time spent in this place.
 B = Non-inter-level travel time spent in this place.
 C = Inter-level travel time spent in this place.
 D = Time resting spent in this place.
 E = Time spent auto-exploring this place.
 F = Levels seen in this place.
 G = Mean time per level.
                   A        B        C        D        E       F      G
               +--------+--------+--------+--------+--------+-----+--------+
         Total |   2866 |   2803 |     63 |    268 |   2170 |   4 |  716.5 |
       Dungeon |   2866 |   2803 |     63 |    268 |   2170 |   4 |  716.5 |
               +--------+--------+--------+--------+--------+-----+--------+

Top non-repeatable levels by time:
     D:3: 1019 daAuts
     D:2: 827 daAuts
     D:1: 794 daAuts
     D:4: 225 daAuts
